PL
BROOKLYN DODGERS @ NORTHERN VIRGINIA RAINBOW MERMAIDS
09/25/2029
 
TOP OF THE 1ST
Brooklyn Dodgers batting - Pitching for Northern Virginia Rainbow Mermaids : RHP Natalino Golaio
Pitching: RHP Natalino Golaio
Batting: LHB Ki-tak Im 0-0: SINGLE (Flyball, 9S)
Batting: LHB Mysterious Walker 0-0: SINGLE (Groundball, 25) (infield hit)
Ki-tak Im to second
Batting: LHB Jérôme Masson 0-0: Fielders Choice at 2nd, 6-4 (Groundball, 6MD)
Ki-tak Im to third
Batting: LHB Manuel Carmona 0-0: Foul Ball, location: 2F
0-1: Grounds into double play, 4-6-3 (Groundball, 4)
Top of the 1st over - 0 runs, 2 hits, 0 errors, 1 left on base; Brooklyn 0 - Northern Virginia 0
BOTTOM OF THE 1ST
Northern Virginia Rainbow Mermaids batting - Pitching for Brooklyn Dodgers : LHP Todd Hines
Pitching: LHP Todd Hines
Batting: RHB Colt Cabana 0-0: Ball
1-0: Ball
2-0: Reached on error, E6 (Groundball, 6)
Batting: RHB Brett Callison 0-0: Ball
1-0: Ball
2-0: Foul Ball, location: 2F
2-1: Ball
3-1: Base on Balls
Batting: RHB Alfredo Pizarro 0-0: Ball
1-0: Foul Ball, location: 2F
1-1: Ground out 6-3 (Groundball, 6S)
Colt Cabana to third
Brett Callison to second
Batting: RHB Ed Adams 0-0: Ball
1-0: Fly out, F8 (Line Drive, 8RM)
Runner from 3rd tags up, SCORES, no throw
Batting: RHB Shohei Kiyomizu 0-0: Ball
1-0: Called Strike
1-1: Foul Ball, location: 2F
1-2: Ball
2-2: Foul Ball, location: 2F
2-2: Ball
3-2: Base on Balls
Batting: SHB Eustacio Tafalla 0-0: Ball
1-0: Ball
2-0: Called Strike
2-1: Fly out, F3 (Popup, 3SF)
Bottom of the 1st over - 1 run, 0 hits, 1 error, 2 left on base; Brooklyn 0 - Northern Virginia 1
TOP OF THE 2ND
Brooklyn Dodgers batting - Pitching for Northern Virginia Rainbow Mermaids : RHP Natalino Golaio
Batting: RHB Brent Ryan 0-0: Called Strike
0-1: Ball
1-1: Called Strike
1-2: Ball
2-2: Fly out, F7 (Flyball, 7LM)
Batting: RHB Ulbert Sutkamp 0-0: Foul Ball, location: 2F
0-1: Ball
1-1: Fly out, F3 (Popup, 3L)
Batting: SHB Juan Rivas 0-0: Called Strike
0-1: Fly out, F7 (Flyball, 7S)
Top of the 2nd over - 0 runs, 0 hits, 0 errors, 0 left on base; Brooklyn 0 - Northern Virginia 1
BOTTOM OF THE 2ND
Northern Virginia Rainbow Mermaids batting - Pitching for Brooklyn Dodgers : LHP Todd Hines
Batting: RHB Arlen Joysey 0-0: Called Strike
0-1: Ball
1-1: DOUBLE (Line Drive, 78D)
Batting: RHB Mike Strickland 0-0: Ball
1-0: Ball
2-0: Ball
3-0: Base on Balls
Batting: RHB Lionel McCloud 0-0: Grounds into double play, 6-4-3 (Groundball, 6M)
Arlen Joysey to third
Batting: RHB Colt Cabana 0-0: Called Strike
0-1: SINGLE (Groundball, 6MD)
Arlen Joysey scores
Batting: RHB Brett Callison 0-0: Ball
1-0: SINGLE (Groundball, 4MD)
Colt Cabana to second
Batting: RHB Alfredo Pizarro 0-0: Called Strike
Brett Callison is caught stealing 2nd base
Bottom of the 2nd over - 1 run, 3 hits, 0 errors, 1 left on base; Brooklyn 0 - Northern Virginia 2
TOP OF THE 3RD
Brooklyn Dodgers batting - Pitching for Northern Virginia Rainbow Mermaids : RHP Natalino Golaio
Batting: RHB Chandler Bailey 0-0: Swinging Strike
0-1: Called Strike
0-2: Ball
1-2: Foul Ball, location: 2F
1-2: Ball
2-2: Strikes out swinging
Batting: RHB Gustavo Mateo 0-0: Foul Ball, location: 2F
0-1: Ball
1-1: Fly out, F7 (Flyball, 78S)
Batting: LHB Ki-tak Im 0-0: Ball
1-0: Ground out 6-3 (Groundball, 6)
Top of the 3rd over - 0 runs, 0 hits, 0 errors, 0 left on base; Brooklyn 0 - Northern Virginia 2
BOTTOM OF THE 3RD
Northern Virginia Rainbow Mermaids batting - Pitching for Brooklyn Dodgers : LHP Todd Hines
Batting: RHB Alfredo Pizarro 0-0: Ball
1-0: Ball
2-0: Ball
3-0: Called Strike
3-1: Base on Balls
Batting: RHB Ed Adams 0-0: Called Strike
0-1: Swinging Strike
0-2: Ground out U3 (Groundball, 34S)
Alfredo Pizarro to second
Batting: RHB Shohei Kiyomizu 0-0: Ball
1-0: Swinging Strike
1-1: Ball
2-1: Ball
3-1: Foul Ball, location: 2F
3-2: Ground out 6-3 (Groundball, 6)
Batting: SHB Eustacio Tafalla 0-0: Ball
1-0: Ground out 5-3 (Groundball, 5)
Bottom of the 3rd over - 0 runs, 0 hits, 0 errors, 1 left on base; Brooklyn 0 - Northern Virginia 2
TOP OF THE 4TH
Brooklyn Dodgers batting - Pitching for Northern Virginia Rainbow Mermaids : RHP Natalino Golaio
Batting: LHB Mysterious Walker 0-0: Called Strike
0-1: Called Strike
0-2: Ball
1-2: Strikes out looking
Batting: LHB Jérôme Masson 0-0: Called Strike
0-1: Ball
1-1: Called Strike
1-2: Strikes out swinging
Batting: LHB Manuel Carmona 0-0: Fly out, F7 (Flyball, 7LM)
Top of the 4th over - 0 runs, 0 hits, 0 errors, 0 left on base; Brooklyn 0 - Northern Virginia 2
BOTTOM OF THE 4TH
Northern Virginia Rainbow Mermaids batting - Pitching for Brooklyn Dodgers : LHP Todd Hines
Batting: RHB Arlen Joysey 0-0: Ball
1-0: Foul Ball, location: 2F
1-1: Ball
2-1: Ball
3-1: Base on Balls
Batting: RHB Mike Strickland 0-0: Ball
1-0: Ball
2-0: Ball
3-0: Called Strike
3-1: DOUBLE (Line Drive, 8RXD)
Arlen Joysey to third
Batting: RHB Lionel McCloud 0-0: Ball
1-0: Ball
2-0: Foul Ball, location: 2F
2-1: DOUBLE (Line Drive, 78XD)
Arlen Joysey scores
Mike Strickland scores
Batting: RHB Colt Cabana 0-0: Ball
1-0: Ball
2-0: Ball
3-0: Called Strike
3-1: Base on Balls
Batting: RHB Brett Callison 0-0: Called Strike
0-1: Reached on error, E6 (Groundball, 6)
Lionel McCloud to third
Colt Cabana to second
Batting: RHB Alfredo Pizarro 0-0: Ball
1-0: Called Strike
1-1: Ground out 5-3 (Groundball, 56S)
Lionel McCloud scores
Colt Cabana to third
Brett Callison to second
Batting: RHB Ed Adams 0-0: Ball
1-0: Fly out, F8 (Flyball, 89M)
Runner from 3rd tags up, SCORES, throw made
Batting: RHB Shohei Kiyomizu 0-0: Ball
1-0: Called Strike
1-1: Ball
2-1: Ground out 5-3 (Groundball, 56S)
Bottom of the 4th over - 4 runs, 2 hits, 1 error, 1 left on base; Brooklyn 0 - Northern Virginia 6
TOP OF THE 5TH
Brooklyn Dodgers batting - Pitching for Northern Virginia Rainbow Mermaids : RHP Natalino Golaio
Batting: RHB Brent Ryan 0-0: Foul Ball, location: 2F
0-1: Ball
1-1: Ball
2-1: Swinging Strike
2-2: Fly out, F5 (Line Drive, 56)
Batting: RHB Ulbert Sutkamp 0-0: Ball
1-0: Called Strike
1-1: Foul Ball, location: 2F
1-2: Ball
2-2: Ground out 6-3 (Groundball, 6)
Batting: SHB Juan Rivas 0-0: Called Strike
0-1: Ball
1-1: Swinging Strike
1-2: Strikes out swinging
Top of the 5th over - 0 runs, 0 hits, 0 errors, 0 left on base; Brooklyn 0 - Northern Virginia 6
BOTTOM OF THE 5TH
Northern Virginia Rainbow Mermaids batting - Pitching for Brooklyn Dodgers : LHP Todd Hines
Batting: SHB Eustacio Tafalla 0-0: Ball
1-0: Ball
2-0: Fly out, F7 (Flyball, 7)
Batting: RHB Arlen Joysey 0-0: Ground out 5-3 (Groundball, 56S)
Batting: RHB Mike Strickland 0-0: Ball
1-0: Foul Ball, location: 2F
1-1: Swinging Strike
1-2: Ball
2-2: Strikes out swinging
Bottom of the 5th over - 0 runs, 0 hits, 0 errors, 0 left on base; Brooklyn 0 - Northern Virginia 6
TOP OF THE 6TH
Brooklyn Dodgers batting - Pitching for Northern Virginia Rainbow Mermaids : RHP Natalino Golaio
Batting: RHB Chandler Bailey 0-0: Ground out 6-3 (Groundball, 6)
Batting: RHB Gustavo Mateo 0-0: Ball
1-0: Ball
2-0: Called Strike
2-1: Ball
3-1: Called Strike
3-2: Foul Ball, location: 2F
3-2: Ground out 1-3 (Groundball, 13)
Batting: LHB Ki-tak Im 0-0: Ground out 6-3 (Groundball, 6)
Top of the 6th over - 0 runs, 0 hits, 0 errors, 0 left on base; Brooklyn 0 - Northern Virginia 6
BOTTOM OF THE 6TH
Northern Virginia Rainbow Mermaids batting - Pitching for Brooklyn Dodgers : LHP Todd Hines
Batting: RHB Lionel McCloud 0-0: Ball
1-0: Called Strike
1-1: Ball
2-1: Foul Ball, location: 2F
2-2: Fly out, F7 (Line Drive, 78S)
Batting: RHB Colt Cabana 0-0: Called Strike
0-1: Fly out, F9 (Flyball, 9)
Batting: RHB Brett Callison 0-0: Ball
1-0: Foul Ball, location: 2F
1-1: SINGLE (Flyball, 9S)
Pitching: RHP Víctor García
Batting: RHB Alfredo Pizarro 0-0: Ball
1-0: Called Strike
1-1: Called Strike
1-2: TRIPLE (Line Drive, 9D)
Brett Callison scores
Batting: RHB Ed Adams 0-0: Ball
1-0: Called Strike
1-1: Ground out 5-3 (Groundball, 56)
Bottom of the 6th over - 1 run, 2 hits, 0 errors, 1 left on base; Brooklyn 0 - Northern Virginia 7
TOP OF THE 7TH
Brooklyn Dodgers batting - Pitching for Northern Virginia Rainbow Mermaids : RHP Natalino Golaio
Batting: LHB Mysterious Walker 0-0: Foul Ball, location: 2F
0-1: Called Strike
0-2: Ball
1-2: Foul Ball, location: 2F
1-2: Fly out, F8 (Flyball, 8LD)
Batting: LHB Jérôme Masson 0-0: Called Strike
0-1: Swinging Strike
0-2: Ball
1-2: Fly out, F7 (Flyball, 7)
Batting: LHB Manuel Carmona 0-0: Ball
1-0: Called Strike
1-1: Foul Ball, location: 2F
1-2: Ground out 3-1 (Groundball, 34S)
Top of the 7th over - 0 runs, 0 hits, 0 errors, 0 left on base; Brooklyn 0 - Northern Virginia 7
BOTTOM OF THE 7TH
Northern Virginia Rainbow Mermaids batting - Pitching for Brooklyn Dodgers : RHP Víctor García
Batting: RHB Shohei Kiyomizu 0-0: Ball
1-0: Called Strike
1-1: Ball
2-1: Ball
3-1: Base on Balls
Batting: SHB Eustacio Tafalla 0-0: Foul Ball, location: 2F
0-1: Ground out 4-3 (Groundball, 4)
Shohei Kiyomizu to second
Batting: RHB Arlen Joysey 0-0: Called Strike
0-1: Ball
1-1: Called Strike
1-2: Ball
2-2: Ball
3-2: Base on Balls
Batting: RHB Mike Strickland 0-0: Foul Ball, location: 2F
0-1: Fly out, F8 (Flyball, 89S)
Batting: RHB Lionel McCloud 0-0: Ball
1-0: Foul Ball, location: 2F
1-1: Fielders Choice at 2nd, 5-4 (Groundball, 56)
Bottom of the 7th over - 0 runs, 0 hits, 0 errors, 2 left on base; Brooklyn 0 - Northern Virginia 7
TOP OF THE 8TH
Brooklyn Dodgers batting - Pitching for Northern Virginia Rainbow Mermaids : RHP Natalino Golaio
Batting: RHB Brent Ryan 0-0: Called Strike
0-1: Ball
1-1: Ball
2-1: Called Strike
2-2: Fly out, F6 (Popup, 6MD)
Batting: RHB Ulbert Sutkamp 0-0: Ball
1-0: Ground out 5-3 (Groundball, 5S)
Batting: SHB Juan Rivas 0-0: Called Strike
0-1: Swinging Strike
0-2: Ball
1-2: Ground out U3 (Groundball, 34)
Top of the 8th over - 0 runs, 0 hits, 0 errors, 0 left on base; Brooklyn 0 - Northern Virginia 7
BOTTOM OF THE 8TH
Northern Virginia Rainbow Mermaids batting - Pitching for Brooklyn Dodgers : RHP Víctor García
Batting: RHB Colt Cabana 0-0: Foul Ball, location: 2F
0-1: Called Strike
0-2: Foul Ball, location: 2F
0-2: Foul Ball, location: 2F
0-2: Foul Ball, location: 2F
0-2: Ball
1-2: Ball
2-2: Foul Ball, location: 2F
2-2: Fly out, F7 (Flyball, 7S)
Batting: RHB Brett Callison 0-0: Foul Ball, location: 2F
0-1: Ball
1-1: Ball
2-1: Foul Ball, location: 2F
2-2: SINGLE (Groundball, 56D)
Batting: RHB Alfredo Pizarro 0-0: Called Strike
0-1: Ball
1-1: DOUBLE (Line Drive, 7LM)
Brett Callison to third
Runner from 3rd tries for Home, SAFE, no throw
Batting: RHB Ed Adams 0-0: Called Strike
0-1: Foul Ball, location: 2F
0-2: Fly out, F7 (Flyball, 7S)
Batting: RHB Shohei Kiyomizu 0-0: Ball
1-0: Fly out, F3 (Popup, 23F)
Bottom of the 8th over - 1 run, 2 hits, 0 errors, 1 left on base; Brooklyn 0 - Northern Virginia 8
TOP OF THE 9TH
Brooklyn Dodgers batting - Pitching for Northern Virginia Rainbow Mermaids : RHP Natalino Golaio
Batting: RHB Chandler Bailey 0-0: Ball
1-0: Fly out, F4 (Line Drive, 4)
Batting: RHB Gustavo Mateo 0-0: Ball
1-0: Called Strike
1-1: Foul Ball, location: 2F
1-2: Ball
2-2: Ball
3-2: Foul Ball, location: 2F
3-2: Foul Ball, location: 2F
3-2: Fly out, F7 (Flyball, 7S)
Batting: LHB Ki-tak Im 0-0: Ball
1-0: Called Strike
1-1: Swinging Strike
1-2: Ball
2-2: SINGLE (Groundball, 4MD)
Batting: LHB Mysterious Walker 0-0: Foul Ball, location: 2F
0-1: SINGLE (Flyball, 34D)
Ki-tak Im to second
Batting: LHB Jérôme Masson 0-0: Ball
1-0: Ground out U3 (Groundball, 3)
Top of the 9th over - 0 runs, 2 hits, 0 errors, 2 left on base; Brooklyn 0 - Northern Virginia 8
Tuesday, December 19th, 2017 - OOTP Baseball 18.8 Build 76